 Dungeon Crawl Stone Soup version 0.29-a0-384-g6960b1960d (webtiles) character file.

Game seed: 8816671972733192155

82 Antichthon the Shield-Bearer (level 4, 0/29 HPs)
             Began as a Gargoyle Fighter on May 6, 2022.
             Slain by Grinder (6 damage)
             ... on level 3 of the Dungeon.
             The game lasted 00:02:14 (2848 turns).

Antichthon the Shield-Bearer (Gargoyle Fighter)     Turns: 2848, Time: 00:02:15

Health: 0/29       AC: 11    Str: 19    XL:     4   Next: 43%
Magic:  4/4        EV:  9    Int: 11    God:
Gold:   78         SH:  4    Dex:  9    Spells: 3/3 levels left

rFire   . . .      SeeInvis .   a - +0 flail
rCold   . . .      Faith    .   c - +0 buckler
rNeg    + . .      Spirit   .   b - +0 scale mail
rPois   ∞          Reflect  .   k - +0 helmet
rElec   +          Harm     .   (no cloak)
rCorr   .          Rampage  .   (no gloves)
Will    .....                   (no boots)
Stlth   ..........              (no amulet)
HPRegen 0.09/turn               (no ring)
MPRegen 0.09/turn               (no ring)

@: no status effects
A: sickness immunity, AC +3, negative energy resistance 1, electricity
resistance, torment resistance 1, petrification resistance
a: no special abilities


You were on level 3 of the Dungeon.
You visited 1 branch of the dungeon, and saw 3 of its levels.

You collected 78 gold pieces.

Inventory:

Hand Weapons
 a - a +0 flail (weapon)
Armour
 b - a +0 scale mail (worn)
 c - a +0 buckler (worn)
 k - a +0 helmet (worn)
Scrolls
 e - 2 scrolls of vulnerability
 f - 5 scrolls of teleportation
Potions
 d - a potion of might
 g - a potion of haste {unknown}
 h - 2 potions of heal wounds
 j - a potion of lignification {unknown}


   Skills:
 * Level 3.7 Fighting
 * Level 2.7 Maces & Flails
 * Level 3.8 Armour
 * Level 0.8 Dodging
 * Level 3.9 Shields
 * Level 1.0 Invocations


You had 3 spell levels left.
You didn't know any spells.
Your spell library contained the following spells:

 Spells                   Type           Power      Damage    Failure   Level
 Dazzling Flash           Conj/Hex       0%         N/A       99%         3
 Agony                    Necr           0%         N/A       100%        5
 Silence                  Hex/Air        0%         N/A       100%        5


Dungeon Overview and Level Annotations

Branches:
Dungeon (3/15)

Altars:

Annotations:
D:3 Grinder


Innate Abilities, Weirdness & Mutations

You are immune to sickness and miasma.
Your stone body is resilient. (AC +3)
You are immune to poison.
You resist negative energy. (rN+)
You are resistant to electric shocks. (rElec)
You are resistant to unholy torment.
You are immune to petrification.


Message History

You sock the kobold!
You kill the kobold!
Things that are here:
a +0 short sword; 2 stones; a kobold corpse You open the door.
Grinder and a bat come into view.
Grinder shouts!
Grinder gestures at you.
You barely resist.
The bat moves out of view.
Found a stone staircase leading down.
Found a ring mail.
There is an open door here.
You block the bat's attack. Grinder barely misses you.
You barely miss Grinder. The bat hits you but does no damage.
Grinder hits you but does no damage. Grinder hits you.
You writhe in agony.
You hit Grinder.
Grinder is lightly wounded.
The bat hits you but does no damage. Grinder hits you but does no damage.
You closely miss Grinder.
Grinder is lightly wounded.
The bat hits you but does no damage.
Grinder blinks!
The bat hits you but does no damage. The bat hits you but does no damage.
The bat barely misses you.
There are monsters nearby!
The bat hits you but does no damage. Grinder gestures at you.
Pain shoots through your body!
You closely miss Grinder.
Grinder is lightly wounded.
The bat closely misses you. x2
Grinder gestures at you.
You suddenly lose the ability to move!
The bat hits you. Grinder hits you.
You writhe in agony.
The bat hits you but does no damage. Grinder gestures at you.
Pain shoots through your body!
* * * LOW HITPOINT WARNING * * *
You can move again.
You block the bat's attack. Grinder hits you.
You die...

#.........'.....# *,,,,,,*
..........#####.########**,,,,,,*
..........#####)#.......,,,,,,,,*
..............#.#.......,,,,,,,,*
..............#.#.......,,,,,,,,,
..............#.#.......,,,,,,,,,
.##'###########'#.......,,,,,,,,,
.##.# #.5....[...,,,,,,,,, .##.#
#>b@.......,,,,,,,,, .'..#
#..........,,***,,,, .####
#..........,,,**,,,, ##
***#..........,,,**,,,,
*,,...........,,,**,,>,
*,............,,,*,,,,*
##########*.............,,,*,,,,*
.........##.....##......,,,*,,,,*
.........##.....#*.....,,,,*,,,,*


You could see Grinder and a bat.

Vanquished Creatures
  Jessica (D:2)
  An adder (D:2)
  A worm (D:2)
  A dart slug (D:1)
  5 ball pythons
  3 bats
  An endoplasm (D:1)
  2 giant cockroaches (D:2)
  7 goblins
  2 hobgoblins (D:1)
  6 quokkas
  2 frilled lizards
  6 kobolds
  A rat (D:1)
39 creatures vanquished.

Notes
Turn   | Place    | Note
-------+----------+-------------------------------------------
     0 | D:1      | Antichthon the Gargoyle Fighter began the quest for the
                  | Orb.
     0 | D:1      | Reached XP level 1. HP: 14/14 MP: 1/1
   365 | D:1      | Reached XP level 2. HP: 19/19 MP: 2/2
   931 | D:1      | Found a faded altar of an unknown god.
  1230 | D:1      | Reached XP level 3. HP: 23/23 MP: 3/3
  2264 | D:2      | Noticed Jessica
  2284 | D:2      | Killed Jessica
  2285 | D:2      | Reached skill level 1 in Invocations
  2285 | D:2      | Reached XP level 4. HP: 13/29 MP: 4/4
  2837 | D:3      | Noticed Grinder
  2846 | D:3      | Paralysed by Grinder for 2 turns
  2848 | D:3      | Slain by Grinder

Illustrated notes

Levels and vault maps discovered:
D:1:      saegor_arrival_fortress, layout_loops_corners,
          hellmonk_ecumenical_altar_inner_sanctum
D:2:      layout_loops_ring, kennysheep_donut, uniq_jessica
D:3:      layout_basic, biasface_ghost_orc_armoury, uniq_grinder

Skill      XL: |  1  2  3 |
---------------+----------+-----
Invocations    | 1 |  1.0
Fighting       | |  3.7
Maces & Flails | |  2.7
Armour         | |  3.8
Dodging        | |  0.8
Shields        | |  3.9

Action                   |  1- 3 |  4- 6 || total
-------------------------+-------+-------++-------
Melee: Flail             |   143 |     6 ||   149
  Use: Scroll            |     4 |     2 ||     6
Armor: Scale mail        |   104 |    10 ||   114
Dodge: Dodged            |   112 |     5 ||   117
Block: Buckler           |    44 |     2 ||    46

Table legend: (Time is in decaauts)
 A = Elapsed time spent in this place.
 B = Non-inter-level travel time spent in this place.
 C = Inter-level travel time spent in this place.
 D = Time resting spent in this place.
 E = Time spent auto-exploring this place.
 F = Levels seen in this place.
 G = Mean time per level.
                   A        B        C        D        E       F      G
               +--------+--------+--------+--------+--------+-----+--------+
         Total |   2897 |   2789 |    108 |      0 |   2296 |   3 |  965.7 |
       Dungeon |   2897 |   2789 |    108 |      0 |   2296 |   3 |  965.7 |
               +--------+--------+--------+--------+--------+-----+--------+

Top non-repeatable levels by time:
     D:1: 1632 daAuts
     D:2: 1146 daAuts
     D:3: 117 daAuts
